 Dungeon Crawl Stone Soup version 0.31-a0-66-ge618eeaa78 (webtiles) character file.

Game seed: 15774298007372848303

2723 jlumianski the Chopper (level 9, 0/68 HPs)
             Began as a Demonspawn Fighter on May 23, 2023.
             Was a Priest of Okawaru.
             Slain by a killer bee (3 damage)
             ... on level 6 of the Dungeon.
             The game lasted 00:26:41 (8071 turns).

jlumianski the Chopper (Demonspawn Fighter)         Turns: 8071, Time: 00:26:42

Health: 0/68       AC: 17    Str: 18 (21) XL:     9   Next: 40%
Magic:  14/14      EV:  5    Int:  8 (9)  God:    Okawaru [***...]
Gold:   314        SH:  5    Dex: 12 (13) Spells: 8/8 levels left

rFire   . . .        a - +1 war axe
rCold   . . .        c - +0 buckler
rNeg    . . .        t - +0 plate armour
rPois   .            (no helmet)
rElec   .            (no cloak)
rCorr   .            (no gloves)
SInv    .            q - +1 pair of boots
Will    .....        (no amulet) Stlth
                     (no ring)
HPRegen 0.31/turn    (no ring)
MPRegen 0.28/turn

%: no passive effects
@: lethally poisoned (0 -> -2)
A: molten scales 2, magic regeneration, weakness stinger 2
a: Renounce Religion, Heroism


You were on level 6 of the Dungeon.
You worshipped Okawaru.
Okawaru was most pleased with you.
You visited 2 branches of the dungeon, and saw 8 of its levels.

You collected 314 gold pieces.

Inventory:

Hand Weapons
 a - a +1 war axe (weapon)
 k - a +4 morningstar
 x - a +4 morningstar of freezing
Missiles
 g - 7 boomerangs
 i - 67 stones
 n - 7 poisoned darts (quivered)
Armour
 b - a +0 scale mail
 c - a +0 buckler (worn)
 j - a +0 helmet
 q - a +1 pair of boots (worn)
 s - a +0 chain mail
 t - a +0 plate armour (worn)
Magical Staves
 m - a staff of cold
Wands
 o - a wand of paralysis (8)
 u - a wand of iceblast (12)
 v - a wand of polymorph (2)
Scrolls
 e - a scroll of silence {unknown}
 r - a scroll of blinking
 w - a scroll of enchant weapon
Potions
 d - 2 potions of might
 f - a potion of cancellation


   Skills:
 + Level 5.3 Fighting
 + Level 7.7 Axes
 + Level 1.4 Throwing
 + Level 5.4 Armour
 + Level 1.2 Dodging
 + Level 0.3 Stealth
 + Level 4.2 Shields
 * Level 7.1 Invocations


You had 8 spell levels left.
You didn't know any spells.
Your spell library contained the following spells:

 Spells                   Type           Power      Damage    Failure   Level
 Magic Dart               Conj           0%         1d3       100%        1
 Shock                    Conj/Air       0%         1d3       100%        1
 Mephitic Cloud           Conj/Pois/Air  0%         N/A       100%        3
 Call Imp                 Summ           Unusable   N/A       N/A         2

Dungeon Overview and Level Annotations

Branches:
Dungeon (7/15)             Temple (1/1) D:4

Altars:
Ashenzari
Cheibriados
Dithmenos
Fedhas
Hepliaklqana
Kikubaaqudgha
Makhleb
Nemelex Xobeh
Okawaru
Trog
Vehumet
Wu Jian
Xom

Shops:
D:6 [


Innate Abilities, Weirdness & Mutations

You are mostly covered in molten scales. (AC +3)
You regenerate magic rapidly.
You have a tail ending in a sharp stinger.


Message History

The killer bee barely misses you. x2
The killer bee stings you but does no damage.
The killer bee barely misses you. You block the killer bee's attack.
The killer bee closely misses you. The killer bee stings you.
* * * LOW HITPOINT WARNING * * *
The killer bee closely misses you.
You slash the killer bee!
Your tail-slap misses the killer bee.
The killer bee is almost dead.
You miss the killer bee. You slash the killer bee!
You kill the killer bee!
Okawaru accepts your kill.
The killer bee stings you but does no damage. x2
The killer bee barely misses you. The killer bee stings you!
* * * LOW HITPOINT WARNING * * *
Your life force feels restored.
Your Invocations skill increases to level 7!
You hit the killer bee but do no damage.
The killer bee is almost dead.
You closely miss the killer bee. The killer bee stings you.
* * * LOW HITPOINT WARNING * * *
You are poisoned.
The killer bee poisons you!
The killer bee stings you but does no damage.
You block the killer bee's attack. The killer bee closely misses you.
You slash the killer bee!
You kill the killer bee!
Okawaru accepts your kill.
You miss the killer bee.
* * * LOW HITPOINT WARNING * * *
You feel sick. The killer bee barely misses you.
The killer bee closely misses you.
It was a potion of degeneration.
There was something very wrong with that liquid.
You feel weakened.
You feel dopey.
You feel clumsy.
You feel sick. The killer bee barely misses you. x2
You hit the killer bee.
The killer bee is lightly wounded.
You feel sick. You block the killer bee's attack. x2
The killer bee stings you.
You die...

#.........#.#######.....~~~#
#.##.#.###..# #........#
.......###..### #......###
..............# #..#####
.......###..### #.##
#.##.#.###..#######.#
#.##.............##.####
#.########.......y.....#
................@#..####
#######.........†...#
........##..........#
......#.####.####..##
......#.####.# #..#
.............####..#
#..................#
#....##..###....##.#
.........# #.##.##.#


You could see a killer bee.

Vanquished Creatures
  Menkaure (D:4)
  2 water moccasins (D:6)
  A black bear (D:5)
  3 sky beasts
  An ice beast (D:7)
  2 ogres
  2 phantoms (D:5)
  A kobold brigand (D:6)
  Blork the orc (D:4)
  2 scorpions
  5 wights
  2 killer bees (D:6)
  4 howler monkeys
  3 hounds
  A jelly (D:3)
  2 gnoll boudas
  2 orc priests
  A sleepcap (D:6)
  Ijyb (D:4)
  3 iguanas
  9 orc wizards
  7 gnolls
  6 adders
  2 river rats
  A white imp (D:7)
  2 ufetubi
  3 worms
  A dart slug (D:1)
  31 orcs
  6 ball pythons
  6 bats
  6 endoplasms
  4 giant cockroaches
  14 goblins
  12 hobgoblins
  2 quokkas (D:1)
  3 frilled lizards
  12 kobolds
  7 rats
174 creatures vanquished.

Notes
Turn   | Place    | Note
-------+----------+-------------------------------------------
     0 | D:1      | jlumianski the Demonspawn Fighter began the quest for the
                  | Orb.
     0 | D:1      | Reached XP level 1. HP: 18/18 MP: 1/1
   169 | D:1      | Gained mutation: You are partially covered in molten
                  | scales. (AC +2) [demonic ancestry]
   169 | D:1      | Reached XP level 2. HP: 10/24 MP: 2/2
   660 | D:2      | Reached XP level 3. HP: 29/29 MP: 3/3
   693 | D:4      | Found a staircase to the Ecumenical Temple.
   729 | Temple   | Entered the Ecumenical Temple
   833 | Temple   | Became a worshipper of Warmaster Okawaru
   868 | D:5      | Entered Level 5 of the Dungeon
   868 | D:5      | Noticed a phantom
  1818 | D:2      | Found a hazy altar of Hepliaklqana.
  1907 | D:2      | Found a faded altar of an unknown god.
  2392 | D:3      | Gained mutation: You have a small tail. [demonic ancestry]
  2392 | D:3      | Reached XP level 4. HP: 35/35 MP: 4/4
  2449 | D:4      | Noticed a scorpion
  2455 | D:4      | Killed a scorpion
  2456 | D:4      | Reached skill level 1 in Invocations
  2770 | D:3      | Gained mutation: You regenerate magic rapidly. [demonic
                  | ancestry]
  2770 | D:3      | Reached XP level 5. HP: 38/41 MP: 6/6
  3553 | D:4      | Gained mutation: You have a tail ending in a sharp stinger.
                  | [demonic ancestry]
  3553 | D:4      | Reached XP level 6. HP: 4/47 MP: 7/7
  4050 | D:5      | Reached * piety under Okawaru
  4367 | D:5      | Noticed a sky beast
  4379 | D:5      | Killed a sky beast
  4380 | D:5      | Reached XP level 7. HP: 47/54 MP: 9/9
  4642 | D:6      | Reached ** piety under Okawaru
  4643 | D:6      | Reached skill level 5 in Axes
  5045 | D:6      | Gained mutation: You are mostly covered in molten scales.
                  | (AC +3) [demonic ancestry]
  5045 | D:6      | Reached XP level 8. HP: 61/61 MP: 11/11
  5077 | D:6      | Found Upem Goq's Armour Boutique.
  5651 | D:5      | Reached skill level 5 in Invocations
  6336 | D:5      | Reached skill level 5 in Armour
  6336 | D:5      | Reached skill level 1 in Dodging
  6407 | D:5      | Reached skill level 1 in Throwing
  6539 | D:5      | Reached skill level 5 in Fighting
  7020 | D:4      | Noticed Ijyb
  7046 | D:4      | Killed Ijyb
  7099 | D:4      | Found a radiant altar of Vehumet.
  7100 | D:4      | Noticed Menkaure
  7372 | D:4      | Killed Menkaure
  7377 | D:4      | Reached *** piety under Okawaru
  7378 | D:4      | Reached XP level 9. HP: 21/68 MP: 13/13
  7558 | D:4      | Noticed Blork the orc
  7573 | D:4      | Killed Blork the orc
  8062 | D:6      | HP: 3/67 [poisoned by a killer bee]
  8071 | D:6      | HP: 3/68 [poisoned by a killer bee]
  8071 | D:6      | Slain by a killer bee

Illustrated notes

Levels and vault maps discovered:
D:1:      minmay_arrival_four_houses, layout_loops_corners,
          kennysheep_another_room
D:2:      layout_basic, shapermc_ecumenical_altar_rom_forum, basic_altar
D:3:      layout_basic, serial_bayou_pond_e, minmay_cut_off
D:4:      kennysheep_the_goblin_king, layout_basic, vehumet_crystals,
          minmay_temple_entry_purple_smoke, uniq_menkaure, uniq_blork_the_orc
D:5:      layout_basic, minivault_26, minmay_misc_feat_five
D:6:      cheibrodos_thug_alley, layout_basic, serial_shops,
          kennysheep_mini_moat, portal_sewer_entry_e
D:7:      layout_cave_pools, chequers_temple_overflow_minitemple,
          grunt_decor_resistance, hangedman_abyss_or_decor_passed,
          minmay_misc_feat_chi, minmay_manual_mail
Temple:   hellmonk_temple_forest_ring

Skill      XL: |  1  2  3  4  5  6  7  8  9 |
---------------+----------------------------+-----
Shields        | 3 4 |  4.2
Axes           | 2 3 4 5 7 |  7.7
Armour         | 3 4 5 |  5.4
Invocations    | 1 2 3 4 6 7 |  7.1
Fighting       | 4 5 |  5.3
Dodging        | 1 |  1.2
Throwing       | 1 |  1.4
Stealth        | |  0.3

Action                     |  1- 3 |  4- 6 |  7- 9 || total
---------------------------+-------+-------+-------++-------
  Melee: War axe           |   134 |   182 |   320 ||   636
         Tailslap          |       |    10 |    46 ||    56
  Throw: Boomerang         |       |     1 |       ||     1
         Dart              |       |       |    25 ||    25
 Invoke: Heroism           |       |       |     1 ||     1
  Evoke: Wand              |       |       |     1 ||     1
    Use: Scroll            |       |     6 |    10 ||    16
         Potion            |       |     1 |     7 ||     8
 Armour: Scale mail        |    83 |    28 |       ||   111
         Chain mail        |       |    95 |   146 ||   241
         Plate armour      |       |       |    94 ||    94
  Dodge: Dodged            |    56 |    50 |   164 ||   270
  Block: Buckler           |    35 |    32 |   105 ||   172

Table legend: (Time is in decaauts)
 A = Elapsed time spent in this place.
 B = Non-inter-level travel time spent in this place.
 C = Inter-level travel time spent in this place.
 D = Time resting spent in this place.
 E = Time spent auto-exploring this place.
 F = Levels seen in this place.
 G = Mean time per level.
                   A        B        C        D        E       F      G
               +--------+--------+--------+--------+--------+-----+--------+
         Total |   8290 |   8054 |    236 |   1160 |   4246 |   8 | 1036.2 |
       Dungeon |   8170 |   7953 |    217 |   1160 |   4173 |   7 | 1167.1 |
        Temple |    119 |    100 |     19 |      0 |     73 |   1 |  119.0 |
               +--------+--------+--------+--------+--------+-----+--------+

Top non-repeatable levels by time:
     D:6: 1934 daAuts
     D:4: 1781 daAuts
     D:3: 1214 daAuts
     D:5: 1151 daAuts
     D:1: 1042 daAuts
     D:2: 931 daAuts
  Temple: 119 daAuts
     D:7: 115 daAuts
